 Dungeon Crawl Stone Soup version 0.19.0 (webtiles) character file.

19 TheGoonsmith the Sneak (level 2, 0/13 HPs)
             Began as a Spriggan Enchanter on Nov 13, 2016.
             Slain by a leopard gecko (5 damage)
             ... on level 2 of the Dungeon.
             The game lasted 00:01:10 (867 turns).

TheGoonsmith the Sneak (Spriggan Enchanter)          Turns: 867, Time: 00:01:11

Health: 0/13       AC:  3    Str:  4    XL:     2   Next: 55%
Magic:  6/6        EV: 18    Int: 16    God:
Gold:   64         SH:  0    Dex: 16    Spells: 1 memorised, 5 levels left

rFire  . . .     SeeInvis +     a - +1 dagger
rCold  . . .     Gourm    .     b - +1 robe
rNeg   . . .     Faith    .     (shield restricted)
rPois  .         Spirit   .     (helmet restricted)
rElec  .         Reflect  .     (no cloak)
rCorr  .         Harm     .     (gloves unavailable)
MR     .....                    (boots unavailable)
Stlth  +++.......               (no amulet)
                                (no ring)
                                (no ring)

@: very quick
A: unfitting armour, see invisible, herbivore 3, speed 3, slow metabolism 2
a: no special abilities


You were on level 2 of the Dungeon.
You were not hungry.

You visited 1 branch of the dungeon, and saw 2 of its levels.

You collected 64 gold pieces.

Inventory:

Hand Weapons
 a - a +1 dagger (weapon)
Armour
 b - a +1 robe (worn)
Scrolls
 g - 4 scrolls of identify {unknown}
 h - 2 scrolls of random uselessness {unknown}
 k - a scroll of recharging {unknown}
 l - a scroll of noise {unknown}
 m - a scroll of immolation {unknown}
Potions
 e - a potion of might {unknown}
 f - a potion of flight {unknown}
 i - a potion of ambrosia {unknown}
 j - a potion of haste {unknown}
 n - a potion of agility {unknown}
 o - 2 potions of curing {unknown}
Books
 c - a book of Maledictions

   Spells                             Type                      Level
   a - Corona                         Hexes                        1
   b - Ensorcelled Hibernation        Hexes/Ice                    2
   c - Confuse                        Hexes                        3
   d - Tukima's Dance                 Hexes                        3
   e - Dazzling Spray                 Conjuration/Hexes            3
Comestibles
 d - a bread ration


   Skills:
 * Level 2.4 Short Blades
 + Level 3.2 Dodging
 + Level 4.7 Stealth
 - Level 2.6 Spellcasting
 - Level 3.6 Hexes


You had 5 spell levels left.
You knew the following spells:

 Your Spells              Type           Power        Failure   Level  Hunger
a - Corona                Hex            ##.....      6%          1    #......


Dungeon Overview and Level Annotations

Branches:
Dungeon (2/15)

Altars:


Innate Abilities, Weirdness & Mutations

You are very small and have problems with some larger weapons.
You are too small for most types of armour.
You have supernaturally acute eyesight. (SInv)
You are a herbivore.
You cover ground extremely quickly.
You need consume almost no food.


Message History

Found a dagger.
The leopard gecko completely misses you.
You closely miss the leopard gecko. The leopard gecko closely misses you.
You closely miss the leopard gecko. The leopard gecko bites you.
You hit the leopard gecko.
The leopard gecko is heavily wounded.
The leopard gecko misses you.
You barely miss the leopard gecko.
The leopard gecko is heavily wounded.
The leopard gecko bites you.
You closely miss the leopard gecko.
The leopard gecko is heavily wounded.
The leopard gecko barely misses you.
You hit the leopard gecko.
The leopard gecko is severely wounded.
The leopard gecko bites you.
You hit the leopard gecko but do no damage.
The leopard gecko is severely wounded.
The leopard gecko bites you.
You die...

..........#####.#####............
....†..................>......#..
..........#####.####..#......####
..........# #.# #..#.##...####
##........# #.####....##.......
##........# #...##.#..##...####
..........# ####.##.#.......# #
..........# #.l..##.#..##..## #
..........# #..@...........#####
..######.####....................
..# #............................
..# #.......##..)#..####....#####
..# #.......##...#..# ....#
..###.......##...#..# ##...#
..#......#####...#... .....#####
.........# ##...##.#. #...##...
##....##.# #.# .#.# #...##.##


You could see a leopard gecko.

Vanquished Creatures
  A ball python (D:2)
  5 bats
  2 giant cockroaches (D:2)
  2 goblins (D:2)
  3 hobgoblins
  A jackal (D:1)
  A kobold (D:2)
15 creatures vanquished.

Notes
Turn   | Place    | Note
-------+----------+-------------------------------------------
     0 | D:1      | TheGoonsmith the Spriggan Enchanter began the quest for the Orb.
     0 | D:1      | Reached XP level 1. HP: 9/9 MP: 5/5
   306 | D:2      | Reached XP level 2. HP: 9/13 MP: 6/6
   565 | D:2      | Found a faded altar of an unknown god.
   867 | D:2      | Slain by a leopard gecko

Skill      XL: |  1 |
---------------+----+-----
Short Blades   | 2 |  2.4
Dodging        | |  3.2
Stealth        | |  4.7
Spellcasting   | |  2.6
Hexes          | |  3.6

Action                   || total
-------------------------++-------
Melee: Dagger            ||    79
 Stab: Sleeping          ||     4
Armor: Robe              ||    16
Dodge: Dodged            ||    84
